[Event "Titled Tuesday Blitz October 25 Late 2022"]
[White "Djokic, Mihailo"]
[Black "Hambleton, Aman"]
[WhiteFideId "976440"]
[BlackFideId "2606577"]
[WhiteElo "2315"]
[BlackElo "2538"]
[Result "1-0"]
[Round "08"]
[TimeControl "180+1"]
[Date "2022.10.26"]
[WhiteClock "0:00:03"]
[BlackClock "0:00:01"]

1. e4 b6 2. d4 Bb7 3. Bd3 e6 4. Nf3 d5 5. e5 Ba6 6. O-O Bxd3 7. Qxd3 Ne7 8. Re1 Qd7 9. Nbd2 c5 10. c3 Nbc6 11. Nf1 Rc8 12. dxc5 bxc5 13. Ng3 h6 14. Be3 c4 15. Qc2 g6 16. b3 cxb3 17. axb3 Bg7 18. Qd2 a5 19. Bb6 Qb7 20. Bxa5 Nxa5 21. Rxa5 Qxb3 22. Ne2 O-O 23. Nfd4 Qb6 24. Rb5 Qc7 25. f4 Nc6 26. Rb2 Na5 27. Qd3 Nc4 28. Rbb1 Rb8 29. h3 Rfc8 30. Kh2 h5 31. Kh1 Rxb1 32. Rxb1 Rb8 33. Rb4 Ra8 34. Kh2 h4 35. Nf3 Bf8 36. Rb1 Be7 37. Qd4 Kg7 38. Qf2 Qd8 39. Ned4 Rc8 40. Rb7 Rc7 41. Rb3 Na5 42. Rb5 Nc6 43. Nxc6 Rxc6 44. Rb3 Rc4 45. Nd4 Qc8 46. Qf3 Qc5 47. Rb7 Rxc3 48. Qf2 Rc4 49. f5 Qxd4 50. f6+ Bxf6 51. Qxf6+ Kh6 52. Qxh4+ Kg7 53. Qf6+ Kh6 54. Qh8+ Kg5 55. Rxf7 Rc1 56. Qf6+ Kh5 57. Rh7# 1-0


[Site "https://www.chess.com"]

[Event "Titled Tuesday Blitz October 25 Late 2022"]
[White "Dzierzak, Radoslaw"]
[Black "Djordjevic, Dejan N"]
[WhiteFideId "1161407"]
[BlackFideId "913316"]
[WhiteElo "2111"]
[BlackElo "2262"]
[Result "1-0"]
[Round "08"]
[TimeControl "180+1"]
[Date "2022.10.26"]
[WhiteClock "0:00:37"]
[BlackClock "0:01:13"]

1. e4 c5 2. Nf3 Nc6 3. d4 cxd4 4. Nxd4 Nf6 5. Nc3 Qb6 6. Nb3 e6 7. Be3 Qc7 8. g3 a6 9. Bg2 b5 10. O-O Be7 11. f4 d6 12. e5 Nd7 13. exd6 Bxd6 14. f5 Nde5 15. Ne4 Be7 16. f6 gxf6 17. Nxf6+ Bxf6 18. Rxf6 h5 19. Bc5 Ng4 20. Rf1 Bb7 21. h3 Qxg3 22. hxg4 hxg4 23. Qd6 Qxd6 24. Bxd6 Rd8 25. Rad1 f5 26. Nc5 Ba8 27. Nxe6 1-0


[Site "https://www.chess.com"]

[Event "Titled Tuesday Blitz October 25 Late 2022"]
[White "Estrada Nieto, Julian"]
[Black "Yurovskykh, Oleksandr"]
[WhiteFideId "5101018"]
[BlackFideId "14134020"]
[WhiteElo "2252"]
[BlackElo "2303"]
[Result "0-1"]
[Round "08"]
[TimeControl "180+1"]
[Date "2022.10.26"]
[WhiteClock "0:00:13"]
[BlackClock "0:00:14"]

1. e4 d5 2. exd5 Qxd5 3. Nc3 Qd8 4. d4 Nf6 5. Nf3 Bg4 6. h3 Bxf3 7. Qxf3 c6 8. Be3 e6 9. O-O-O Bb4 10. Bg5 Bxc3 11. Qxc3 Ne4 12. Bxd8 Nxc3 13. bxc3 Kxd8 14. c4 Nd7 15. d5 exd5 16. cxd5 cxd5 17. Rxd5 Kc7 18. Bc4 Nb6 19. Rd4 Rad8 20. Rhd1 Rxd4 21. Rxd4 f6 22. Bd3 h6 23. Be4 Re8 24. a4 a5 25. f4 Re7 26. Kb2 Nd7 27. Rc4+ Kb6 28. Bf3 Nc5 29. Kc3 Rc7 30. Kd4 Ne6+ 31. Kd5 Rxc4 32. Kxc4 Nxf4 33. h4 Kc7 34. h5 b6 35. Kd4 Kd6 36. Ke4 Nd5 37. Kf5 Ne7+ 38. Ke4 Kc5 39. c3 b5 40. axb5 Kxb5 41. Kd4 a4 42. Be2+ Kb6 43. Kc4 Nc6 44. Bd1 a3 45. Kb3 Kc5 46. Kxa3 Ne7 47. Bf3 f5 48. Kb3 f4 49. Kc2 Kc4 50. Be2+ Kd5 51. Kd3 Nc8 52. Bf3+ Ke5 53. c4 Nd6 54. c5 Ne8 55. Kc4 Nc7 56. Kd3 Ne6 57. Kc4 Nd4 58. c6 Ne6 59. Kb5 Kd6 60. Kc4 Ng5 61. Kd4 Nxf3+ 62. gxf3 Kxc6 63. Ke4 Kd6 64. Kxf4 Ke6 65. Kg4 Ke5 66. f4+ Ke4 67. f5 Ke5 68. f6 gxf6 69. Kf3 Kf5 70. Kg3 Kg5 71. Kf3 Kxh5 72. Kf4 Kg6 73. Kg4 f5+ 74. Kg3 Kg5 75. Kf3 f4 76. Kf2 Kg4 77. Kg2 f3+ 78. Kf2 Kf4 79. Kf1 Kg3 80. Kg1 h5 81. Kh1 Kf2 82. Kh2 Ke2 83. Kh3 f2 84. Kh2 f1=Q 85. Kg3 Qf5 86. Kh2 Qg4 87. Kh1 Kf2 0-1


[Site "https://www.chess.com"]

[Event "Titled Tuesday Blitz October 25 Late 2022"]
[White "Ferriz Barrios, Andres"]
[Black "Vargas, Mauricio"]
[WhiteFideId "5104467"]
[BlackFideId "4404572"]
[WhiteElo "2202"]
[BlackElo "2025"]
[Result "1-0"]
[Round "08"]
[TimeControl "180+1"]
[Date "2022.10.26"]
[WhiteClock "0:00:20"]
[BlackClock "0:00:02"]

1. d4 d5 2. Nf3 c6 3. Nbd2 Bf5 4. e3 e6 5. Bd3 Bd6 6. O-O Nf6 7. Ne5 Nbd7 8. f4 Qe7 9. Ndf3 O-O-O 10. a4 a6 11. Qe2 Nb8 12. c3 h5 13. b4 Nfd7 14. b5 f6 15. bxa6 Bxd3 16. Qxd3 Nxa6 17. Nxd7 Qxd7 18. Rb1 Kc7 19. Bd2 Rb8 20. c4 Kc8 21. Rfc1 Bc7 22. c5 Re8 23. Qg6 h4 24. Nxh4 e5 25. fxe5 fxe5 26. Nf5 exd4 27. exd4 Rf8 28. Ng3 Rh8 29. Re1 Rh6 30. Bxh6 1-0


[Site "https://www.chess.com"]

[Event "Titled Tuesday Blitz October 25 Late 2022"]
[White "Floresvillar Gonzalez, Luis Migu"]
[Black "Phillips, Rene"]
[WhiteFideId "5100542"]
[BlackFideId "2056275"]
[WhiteElo "2040"]
[BlackElo "2036"]
[Result "0-1"]
[Round "08"]
[TimeControl "180+1"]
[Date "2022.10.26"]
[WhiteClock "0:00:24"]
[BlackClock "0:01:16"]

1. e4 Nc6 2. Nf3 d5 3. exd5 Qxd5 4. d4 Bg4 5. Be2 O-O-O 6. c3 e5 7. dxe5 Qxd1+ 8. Bxd1 Nxe5 9. Nbd2 Nd3+ 10. Ke2 Bf5 11. Bb3 Nf4+ 12. Kf1 Bd3+ 13. Ke1 Nxg2+ 14. Kd1 Nf4 15. Re1 Nh6 16. h3 Bc5 17. Re5 Bxf2 18. Bc2 Bxc2+ 19. Kxc2 Nd3 20. Ne4 Bb6 21. Re7 Nxc1 22. Rxc1 Rhe8 23. Rxe8 Rxe8 24. Neg5 f6 25. Nxh7 Rh8 26. Nxf6 gxf6 27. Rg1 Bxg1 0-1


[Site "https://www.chess.com"]

[Event "Titled Tuesday Blitz October 25 Late 2022"]
[White "Garayev, Kanan"]
[Black "Bilan, Danila"]
[WhiteFideId "13406671"]
[BlackFideId "24161918"]
[WhiteElo "2244"]
[BlackElo "2203"]
[Result "1-0"]
[Round "08"]
[TimeControl "180+1"]
[Date "2022.10.26"]
[WhiteClock "0:01:06"]
[BlackClock "0:00:03"]

1. e4 c6 2. d4 d5 3. e5 c5 4. dxc5 e6 5. a3 Bxc5 6. b4 Bb6 7. Qg4 Ne7 8. Bd3 Ng6 9. Nf3 Nc6 10. Bb2 Bc7 11. O-O d4 12. Re1 Qd5 13. Be4 Qd7 14. b5 Nce7 15. Bxd4 Nf5 16. Bxf5 exf5 17. e6 fxe6 18. Qxf5 Rf8 19. Qe4 Qxb5 20. Nc3 Qf5 21. Bxg7 Qxe4 22. Nxe4 Rf7 23. Bb2 Bd7 24. Rad1 Bc6 25. Nfg5 Rf5 26. Nf6+ Kf8 27. Nxe6+ Kf7 28. Nxc7 Rxf6 29. Bxf6 Rc8 30. Bd8 Nf4 31. f3 h5 32. Bg5 Ng6 33. Ne6 h4 34. Nd8+ Kg8 35. Nxc6 Rxc6 36. Rd7 Rxc2 37. Re8+ Nf8 1-0


[Site "https://www.chess.com"]

[Event "Titled Tuesday Blitz October 25 Late 2022"]
[White "Gedgafov, Chamal"]
[Black "Celestino, Rafael Teixeira"]
[WhiteFideId "34130621"]
[BlackFideId "2108925"]
[WhiteElo "2067"]
[BlackElo "2431"]
[Result "1-0"]
[Round "08"]
[TimeControl "180+1"]
[Date "2022.10.26"]
[WhiteClock "0:01:16"]
[BlackClock "0:00:22"]

1. c4 e5 2. g3 Nc6 3. Bg2 Bc5 4. Nc3 d6 5. e3 Nf6 6. Ne4 Nxe4 7. Bxe4 f5 8. Bd5 Qf6 9. Ne2 Be6 10. O-O Bxd5 11. cxd5 Ne7 12. d4 Bb6 13. dxe5 dxe5 14. Nc3 h5 15. h4 g5 16. hxg5 Qxg5 17. d6 O-O-O 18. Nd5 Nxd5 19. Qxd5 f4 20. exf4 Qxg3+ 21. Qg2 Qh4 22. Qh2 Qg4+ 23. Qg2 Qf5 24. Kh2 Rdg8 25. Qh3 Rg4 26. f3 Qc2+ 27. Kh1 Qc6 28. Bd2 Kb8 29. Rac1 Qd5 30. dxc7+ Bxc7 31. Rxc7 Kxc7 32. Bc3 Rhg8 33. Bxe5+ Kb6 34. Qxh5 R8g6 35. Bc7+ Kc6 36. Qxd5+ Kxd5 37. fxg4 Rxg4 38. f5 Kc6 39. f6 Rg8 40. f7 Rh8+ 41. Kg2 Rf8 42. Ba5 Kb5 43. Bc3 Kc4 44. Bg7 1-0


[Site "https://www.chess.com"]

[Event "Titled Tuesday Blitz October 25 Late 2022"]
[White "Gireman, Ja"]
[Black "Sanchez, Robert"]
[WhiteFideId "5043794"]
[BlackFideId "2034360"]
[WhiteElo "2153"]
[BlackElo "2416"]
[Result "1-0"]
[Round "08"]
[TimeControl "180+1"]
[Date "2022.10.26"]
[WhiteClock "0:00:20"]
[BlackClock "0:00:06"]

1. d4 d5 2. Nc3 e6 3. e4 Nf6 4. Bg5 Be7 5. e5 Nfd7 6. h4 h6 7. Bxe7 Qxe7 8. Qg4 O-O 9. f4 f5 10. Qg3 a6 11. O-O-O c5 12. Nf3 c4 13. h5 b5 14. Qg6 Nb6 15. Be2 b4 16. Nb1 Bd7 17. Rdg1 Nc6 18. g4 Be8 19. g5 Bxg6 20. hxg6 c3 21. gxh6 cxb2+ 22. Kxb2 Nc4+ 23. Bxc4 dxc4 24. hxg7 c3+ 25. Kc1 Qxg7 26. Rh7 Qxh7 27. gxh7+ Kxh7 28. Ng5+ Kh6 29. Nxe6 Rg8 30. Rh1+ Kg6 31. d5 Na5 32. a3 Nc4 33. axb4 Rh8 34. Rg1+ Kh5 35. Nxc3 Rag8 36. Ng7+ Kh4 37. Nxf5+ Kh3 38. Rd1 Rg2 39. d6 Kg4 40. Nd4 Kxf4 41. d7 Kxe5 42. d8=Q Rxd8 43. Nc6+ Kf4 44. Nxd8 Ne3 45. Rd4+ Kf3 46. Rd2 Rg1+ 47. Nd1 Nc4 48. Rd3+ Ke4 49. Nc6 1-0


[Site "https://www.chess.com"]

[Event "Titled Tuesday Blitz October 25 Late 2022"]
[White "Gogolev, Artem"]
[Black "Ansh M Shah"]
[WhiteFideId "4116615"]
[BlackFideId "25033379"]
[WhiteElo "2178"]
[BlackElo "2084"]
[Result "1-0"]
[Round "08"]
[TimeControl "180+1"]
[Date "2022.10.26"]
[WhiteClock "0:01:50"]
[BlackClock "0:01:07"]

1. e4 c6 2. d4 d5 3. e5 Bf5 4. h4 h6 5. g4 Bg6 6. h5 Bh7 7. e6 fxe6 8. Bd3 Bxd3 9. Qxd3 Qd6 10. f4 Nd7 11. Nf3 Ngf6 12. Ne5 c5 13. Qg6+ Kd8 14. Nf7+ Kc7 15. Nxd6 exd6 16. c3 Be7 17. Be3 Rhg8 18. Nd2 Rae8 19. Rg1 Ref8 20. O-O-O Kc6 21. g5 hxg5 22. fxg5 Ne8 23. Qxe6 1-0


[Site "https://www.chess.com"]

[Event "Titled Tuesday Blitz October 25 Late 2022"]
[White "Halak, Miklos"]
[Black "Arbunic Castro, Giovanna"]
[WhiteFideId "726400"]
[BlackFideId "3400549"]
[WhiteElo "2197"]
[BlackElo "1911"]
[Result "1-0"]
[Round "08"]
[TimeControl "180+1"]
[Date "2022.10.26"]
[WhiteClock "0:00:18"]
[BlackClock "0:00:01"]

1. e4 g6 2. d4 Bg7 3. Nf3 c5 4. c3 d5 5. exd5 Qxd5 6. dxc5 Qxc5 7. Be3 Qc7 8. Na3 a6 9. Nc4 Nd7 10. Be2 b5 11. Ncd2 Bb7 12. O-O Ngf6 13. a4 bxa4 14. Rxa4 O-O 15. Qa1 Nd5 16. Bg5 N7b6 17. Rh4 a5 18. Nd4 a4 19. Bf3 a3 20. Nb5 Qe5 21. Bh6 axb2 22. Qxb2 Na4 23. Bxg7 Kxg7 24. Qb3 Nc5 25. Qc4 Rfc8 26. Qg4 Nf6 27. Qh3 Bxf3 28. Nxf3 Qe6 29. Qg3 Nce4 30. Qf4 Rab8 31. Nbd4 Qd6 32. Qh6+ 1-0


[Site "https://www.chess.com"]

[Event "Titled Tuesday Blitz October 25 Late 2022"]
[White "Hansen, Eric"]
[Black "Goltsev, Dmitry"]
[WhiteFideId "2606771"]
[BlackFideId "24176710"]
[WhiteElo "2568"]
[BlackElo "2257"]
[Result "1-0"]
[Round "08"]
[TimeControl "180+1"]
[Date "2022.10.26"]
[WhiteClock "0:02:25"]
[BlackClock "0:02:42"]

1. d4 Nf6 2. Nf3 e6 3. c4 d5 4. Nc3 dxc4 5. e4 c5 6. d5 exd5 7. exd5 Bd6 8. Bxc4 a6 9. Bg5 O-O 10. O-O h6 11. Bh4 b5 12. Bd3 Bg4 13. h3 Bh5 14. Re1 Nbd7 15. Ne4 Qc7 16. Nxf6+ Nxf6 17. Bxf6 gxf6 18. g4 Bg6 19. Bxg6 fxg6 20. Re6 Rae8 21. Qd3 Kg7 22. Nh4 Qf7 23. Rxd6 1-0


[Site "https://www.chess.com"]

[Event "Titled Tuesday Blitz October 25 Late 2022"]
[White "Harish, Neeraj"]
[Black "Silva Rosas, Natalia"]
[WhiteFideId "30958130"]
[BlackFideId "3000575"]
[WhiteElo "1815"]
[BlackElo "1752"]
[Result "1-0"]
[Round "08"]
[TimeControl "180+1"]
[Date "2022.10.26"]
[WhiteClock "0:00:40"]
[BlackClock "0:00:01"]

1. c4 f5 2. Nc3 Nf6 3. Nf3 g6 4. d4 d6 5. g3 Bg7 6. Bg2 O-O 7. O-O c6 8. d5 c5 9. Bd2 Na6 10. a3 Nc7 11. Rb1 Qe8 12. b4 cxb4 13. axb4 e5 14. dxe6 Bxe6 15. c5 d5 16. Bf4 Nb5 17. Nxb5 Qxb5 18. Nd4 Qd7 19. b5 Ne4 20. c6 Qf7 21. cxb7 Rab8 22. Bxb8 Rxb8 23. Nxe6 Qxe6 24. Qb3 Rxb7 25. Rbd1 Rd7 26. Bxe4 fxe4 27. Rd2 e3 28. Qxe3 Qf7 29. Qb3 Bh6 30. Rd3 Bg7 31. Rfd1 Qe8 32. Rxd5 Rxd5 33. Qxd5+ Kf8 34. Qd8 Qxd8 35. Rxd8+ Ke7 36. Ra8 Bd4 37. e3 Bb6 38. Kf1 Kd6 39. Rc8 h5 40. Ke2 g5 41. Kd3 Kd7 42. Rc4 Ke6 43. Ke4 Kd6 44. Rc6+ Kd7 45. Kf5 g4 46. Kg5 Ke7 47. Kxh5 Kd7 48. Kxg4 Bd8 49. h4 a5 50. h5 a4 51. Ra6 a3 52. Rxa3 Be7 53. Ra7+ Ke6 54. Rxe7+ Kf6 55. h6 Kg6 56. h7 Kh6 57. h8=Q+ Kg6 58. Qg7# 1-0


[Site "https://www.chess.com"]

[Event "Titled Tuesday Blitz October 25 Late 2022"]
[White "Haszon, David"]
[Black "Yurtseven, Melih"]
[WhiteFideId "733610"]
[BlackFideId "6312160"]
[WhiteElo "2211"]
[BlackElo "2218"]
[Result "1-0"]
[Round "08"]
[TimeControl "180+1"]
[Date "2022.10.26"]
[WhiteClock "0:00:47"]
[BlackClock "0:00:02"]

1. d4 d5 2. Bf4 Nf6 3. e3 e6 4. Nf3 Bd6 5. Bg3 O-O 6. c3 c5 7. Nbd2 Qc7 8. Bd3 Nbd7 9. Qe2 e5 10. dxe5 Nxe5 11. Nxe5 Bxe5 12. Nf3 Bxg3 13. hxg3 h6 14. O-O-O Bg4 15. Bc2 b5 16. Qxb5 Rab8 17. Qa4 Rb6 18. Rd2 Rfb8 19. Bb1 Qb7 20. Qa3 Bxf3 21. gxf3 d4 22. e4 Qc6 23. cxd4 cxd4+ 24. Kd1 Rc8 25. Rc2 Qb7 26. Rxc8+ Qxc8 27. Kd2 Qb8 28. b3 Nd7 29. Rc1 Ne5 30. f4 Ng4 31. Qc5 Nxf2 32. Qc8+ Qxc8 33. Rxc8+ Kh7 34. Rc7 Kg8 35. e5 g6 36. Rxa7 h5 37. Bd3 1-0


[Site "https://www.chess.com"]

[Event "Titled Tuesday Blitz October 25 Late 2022"]
[White "Ibarra Jerez, Jose Carlos"]
[Black "Abdyzhapar, Asylbek"]
[WhiteFideId "2226332"]
[BlackFideId "13800337"]
[WhiteElo "2627"]
[BlackElo "2323"]
[Result "0-1"]
[Round "08"]
[TimeControl "180+1"]
[Date "2022.10.26"]
[WhiteClock "0:00:04"]
[BlackClock "0:01:05"]

1. e4 e5 2. Nf3 Nc6 3. d4 exd4 4. Nxd4 Nf6 5. Nxc6 bxc6 6. e5 Qe7 7. Qe2 Nd5 8. Nd2 f6 9. exf6 Nxf6 10. Nb3 d6 11. Na5 Bd7 12. Bd2 Qxe2+ 13. Bxe2 Be7 14. Bf3 d5 15. O-O-O O-O 16. Rhe1 Bd6 17. Nb7 Bxh2 18. g3 Ng4 19. Bf4 g5 20. Re7 Nxf2 21. Be5 Rxf3 22. Rg7+ Kf8 23. Nc5 Bf5 24. Re1 Bxg3 25. Rxc7 Bxe5 26. Rxe5 Ne4 27. Rxc6 Rf1# 0-1


[Site "https://www.chess.com"]

[Event "Titled Tuesday Blitz October 25 Late 2022"]
[White "Jaferian, Koosha"]
[Black "Przybylski, Wojciech"]
[WhiteFideId "12507440"]
[BlackFideId "1117599"]
[WhiteElo "2127"]
[BlackElo "2221"]
[Result "1-0"]
[Round "08"]
[TimeControl "180+1"]
[Date "2022.10.26"]
[WhiteClock "0:01:27"]
[BlackClock "0:01:13"]

1. e4 c5 2. Nf3 e6 3. g3 Nc6 4. Bg2 Nf6 5. Nc3 d6 6. O-O Be7 7. d4 cxd4 8. Nxd4 O-O 9. Be3 a6 10. f4 e5 11. Nxc6 bxc6 12. f5 Rb8 13. b3 Qa5 14. Na4 d5 15. Qe1 Bb4 16. c3 Be7 17. Bg5 Qc7 18. Bxf6 Bxf6 19. exd5 cxd5 20. Bxd5 e4 21. Qxe4 Re8 22. Qxe8# 1-0


[Site "https://www.chess.com"]

[Event "Titled Tuesday Blitz October 25 Late 2022"]
[White "Javakhadze, Zurab"]
[Black "Maksimovic, Bojan"]
[WhiteFideId "13603647"]
[BlackFideId "14408120"]
[WhiteElo "2381"]
[BlackElo "2447"]
[Result "1-0"]
[Round "08"]
[TimeControl "180+1"]
[Date "2022.10.26"]
[WhiteClock "0:00:04"]
[BlackClock "0:00:03"]

1. Nf3 Nf6 2. c4 g6 3. Nc3 Bg7 4. e4 d6 5. d4 O-O 6. Be2 Nbd7 7. O-O e5 8. Be3 c6 9. Qc2 Qe7 10. Rad1 Re8 11. Rfe1 exd4 12. Bxd4 Ne5 13. b4 Nh5 14. Nxe5 dxe5 15. Bc5 Qg5 16. Bxh5 Qxh5 17. b5 Be6 18. bxc6 bxc6 19. Na4 Bh6 20. Be3 Red8 21. Bxh6 Qxh6 22. Nc5 Qf8 23. Nxe6 fxe6 24. c5 Rxd1 25. Rxd1 Rd8 26. Rxd8 Qxd8 27. g3 Qd4 28. Kg2 Kf7 29. h4 Kf6 30. Kf3 a5 31. Qc1 Kf7 32. Qe3 Qc4 33. a3 a4 34. Kg4 Kg7 35. h5 Qc2 36. h6+ Kf7 37. Qf3+ Ke7 38. Qe3 Qd1+ 39. f3 Qh1 40. Qg5+ Kf7 41. Qxe5 1-0


[Site "https://www.chess.com"]

[Event "Titled Tuesday Blitz October 25 Late 2022"]
[White "Jimenez Almeida, Luis David"]
[Black "Faizrakhmanov, Ramil"]
[WhiteFideId "22242244"]
[BlackFideId "24103209"]
[WhiteElo "2158"]
[BlackElo "2421"]
[Result "1/2-1/2"]
[Round "08"]
[TimeControl "180+1"]
[Date "2022.10.26"]
[WhiteClock "0:00:07"]
[BlackClock "0:00:31"]

1. e4 c6 2. Nc3 d5 3. Qf3 e6 4. Nh3 Nf6 5. e5 Nfd7 6. d4 Be7 7. Bf4 c5 8. dxc5 Nc6 9. Qg3 Rg8 10. Bd3 g6 11. a3 Nxc5 12. Rd1 a6 13. O-O b5 14. Ng5 h5 15. Nh7 Bb7 16. Rfe1 Nxd3 17. Rxd3 Qb6 18. Nf6+ Bxf6 19. exf6 O-O-O 20. Be5 Nxe5 21. Qxe5 Qc7 22. f4 Rd6 23. Ne2 Kb8 24. Rc3 Rc6 25. Qxc7+ Kxc7 26. Rxc6+ Bxc6 27. Nd4 Bd7 28. Kf2 Kd6 29. Nf3 Rc8 30. c3 a5 31. Ng5 Be8 32. h3 b4 33. axb4 axb4 34. Re3 bxc3 35. bxc3 Rc4 36. Kf3 Rc7 37. g4 hxg4+ 38. hxg4 Rc4 39. Nh3 Bc6 40. Kg3 Kc5 41. Ng5 Be8 42. f5 gxf5 43. gxf5 d4 44. cxd4+ Kxd4 45. Re4+ Kd5 46. Rxc4 Kxc4 47. fxe6 fxe6 48. Nxe6 Bf7 49. Nf4 Kd4 50. Kg4 Ke5 51. Kg5 Be8 52. Nd3+ Ke6 53. Nc5+ Kf7 54. Kf5 Bb5 55. Ke5 Bc4 56. Ne4 Ba2 57. Ng5+ Kf8 58. Kf5 Bb1+ 59. Ke5 Ba2 60. Nf3 Bb1 61. Nd4 Ba2 62. Nf5 Bb3 63. Ne7 Ba2 64. Kf5 Bb1+ 65. Kg5 Bc2 66. Nd5 Kf7 67. Nf4 Bb1 68. Ng2 Bc2 69. Ne3 Bb1 70. Ng4 Bc2 71. Ne5+ Kf8 72. Kf4 Bb1 73. Ke3 Bc2 74. Kd4 Bb1 75. Kd5 Ba2+ 76. Kd6 Bb3 77. Kc5 Ba2 78. Kd6 Bb3 79. Kc5 Ba2 80. Kd6 1/2-1/2


[Site "https://www.chess.com"]

[Event "Titled Tuesday Blitz October 25 Late 2022"]
[White "Jimenez Fernandez, Rebeca"]
[Black "Buchenau, Frank"]
[WhiteFideId "32070934"]
[BlackFideId "4604350"]
[WhiteElo "1946"]
[BlackElo "2157"]
[Result "1-0"]
[Round "08"]
[TimeControl "180+1"]
[Date "2022.10.26"]
[WhiteClock "0:01:42"]
[BlackClock "0:00:48"]

1. e4 e6 2. d3 d5 3. Nd2 Nf6 4. g3 b6 5. Ngf3 Bb7 6. e5 Nfd7 7. d4 c5 8. c3 Be7 9. Bd3 Ba6 10. Bc2 Nc6 11. Nf1 O-O 12. h4 f6 13. Bxh7+ Kxh7 14. Ng5+ fxg5 15. hxg5+ Kg8 16. Rh8+ Kxh8 17. Qh5+ Kg8 18. g6 Nf6 19. exf6 Rxf6 20. Qh7+ Kf8 21. Qh8# 1-0


[Site "https://www.chess.com"]

[Event "Titled Tuesday Blitz October 25 Late 2022"]
[White "Karacsonyi, Gellert"]
[Black "Boskovic, Drasko"]
[WhiteFideId "764620"]
[BlackFideId "927368"]
[WhiteElo "2308"]
[BlackElo "2388"]
[Result "1-0"]
[Round "08"]
[TimeControl "180+1"]
[Date "2022.10.26"]
[WhiteClock "0:00:48"]
[BlackClock "0:00:25"]

1. e4 c5 2. Nf3 Nc6 3. d4 cxd4 4. Nxd4 Nf6 5. Nc3 h5 6. Be2 g6 7. O-O Bg7 8. h3 O-O 9. Be3 d5 10. Nxc6 bxc6 11. e5 Nh7 12. f4 f6 13. Bd4 Bf5 14. Bd3 Bxd3 15. Qxd3 f5 16. Qg3 Qe8 17. Na4 e6 18. Nc5 Qf7 19. Rf3 Rfb8 20. Rb3 Bf8 21. Nd3 a5 22. Qe3 Be7 23. Ba7 Rb5 24. a4 Rxb3 25. cxb3 g5 26. Rc1 gxf4 27. Nxf4 Bg5 28. Bd4 Rb8 29. Rxc6 Nf8 30. Qg3 Qg7 31. Nxe6 Nxe6 32. Rxe6 h4 33. Qf3 Rc8 34. Qxf5 Rc1+ 35. Kh2 Bf6 36. Re8+ Kf7 37. Qe6+ Kg6 38. Qxf6+ 1-0


[Site "https://www.chess.com"]

[Event "Titled Tuesday Blitz October 25 Late 2022"]
[White "Kirillov, Dmitry"]
[Black "Janaszak, Dawid"]
[WhiteFideId "34180572"]
[BlackFideId "1119206"]
[WhiteElo "2095"]
[BlackElo "2226"]
[Result "1-0"]
[Round "08"]
[TimeControl "180+1"]
[Date "2022.10.26"]
[WhiteClock "0:00:28"]
[BlackClock "0:00:05"]

1. e4 c6 2. d4 d5 3. Nc3 dxe4 4. Nxe4 Nf6 5. Nxf6+ exf6 6. c3 Bd6 7. Bd3 O-O 8. Qc2 Re8+ 9. Ne2 h5 10. Be3 b5 11. d5 cxd5 12. Bxb5 Bd7 13. Bxd7 Nxd7 14. Rd1 Qa5 15. b4 Qc7 16. Rxd5 Nb6 17. Rxh5 g6 18. Rh3 Bxb4 19. Bd4 Be7 20. Qd2 Qc4 21. Qh6 Qxe2+ 22. Kxe2 Bf8+ 23. Qe3 Rxe3+ 24. fxe3 Nd5 25. c4 Nb4 26. Bxf6 Bg7 27. Bxg7 Kxg7 28. Rd1 Nxa2 29. Rd7 Nc3+ 30. Kd3 Na4 31. Kc2 Nc5 32. Rc7 Ne6 33. Rb7 a5 34. Rf3 Ng5 35. Rf4 Rf8 36. Ra7 Ne6 37. Rf2 g5 38. Rxa5 Rc8 39. Ra7 Nd8 40. Kc3 Kg6 41. g4 Ne6 42. Rfxf7 Rc6 43. Rfe7 Rd6 44. Rad7 Ra6 45. Ra7 Rc6 46. Kb4 Kf6 47. Rf7+ Kg6 48. Kb5 Rc5+ 49. Kb4 Re5 50. Rfe7 Rxe3 51. Ra6 Kf6 52. Raxe6+ 1-0


[Site "https://www.chess.com"]

[Event "Titled Tuesday Blitz October 25 Late 2022"]
[White "Kisic, Bozidar"]
[Black "Rosenberg, Evan S"]
[WhiteFideId "16500350"]
[BlackFideId "2019299"]
[WhiteElo "2233"]
[BlackElo "2371"]
[Result "0-1"]
[Round "08"]
[TimeControl "180+1"]
[Date "2022.10.26"]
[WhiteClock "0:00:03"]
[BlackClock "0:00:03"]

1. d4 d5 2. Bf4 Nf6 3. Nc3 a6 4. Qd3 e6 5. O-O-O c5 6. dxc5 Bxc5 7. e4 O-O 8. e5 Ng4 9. Nh3 Nc6 10. Qg3 f5 11. exf6 Nxf6 12. Bd3 Nh5 13. Qg4 Nxf4 14. Nxf4 e5 15. Ne6 Qf6 16. Bxh7+ Kxh7 17. Qh5+ Qh6+ 18. Qxh6+ Kxh6 19. Nxc5 d4 20. N3e4 b6 21. Na4 Bf5 22. Rde1 Bxe4 23. Rxe4 Rxf2 24. Nxb6 Rb8 25. Nd7 Rc8 26. Nb6 Rc7 27. Nd5 Rc8 28. Rhe1 Rxg2 29. R4e2 Rxe2 30. Rxe2 d3 31. Rd2 Nd4 32. Ne3 Nxc2 33. Nxc2 dxc2 34. Rxc2 Rd8 35. Rc6+ Kh5 36. Rxa6 e4 37. Ra3 Kg4 38. Rg3+ Kf4 39. Rxg7 e3 40. Rf7+ Ke4 41. b4 e2 42. Re7+ Kd3 43. b5 Rc8+ 44. Kb1 Kd2 45. a4 e1=Q+ 46. Rxe1 Kxe1 47. Kb2 Kd2 48. Kb3 Kd3 49. a5 Kd4 50. b6 Kc5 51. Ka4 Rh8 52. b7 Kc6 53. a6 Kb6 54. a7 Kxa7 55. Kb5 Kxb7 0-1


[Site "https://www.chess.com"]

[Event "Titled Tuesday Blitz October 25 Late 2022"]
[White "Kollars, Dmitrij"]
[Black "Iliaguev, Nisim"]
[WhiteFideId "12909572"]
[BlackFideId "2817276"]
[WhiteElo "2584"]
[BlackElo "2264"]
[Result "1-0"]
[Round "08"]
[TimeControl "180+1"]
[Date "2022.10.26"]
[WhiteClock "0:00:31"]
[BlackClock "0:00:08"]

1. Nf3 Nf6 2. c4 c5 3. Nc3 g6 4. d4 cxd4 5. Nxd4 Bg7 6. e4 d6 7. Be2 O-O 8. O-O Nc6 9. Be3 Qa5 10. Rc1 Nxd4 11. Bxd4 Be6 12. b3 Rac8 13. Qd3 Nd7 14. Bxg7 Kxg7 15. f4 f6 16. Nd5 Bxd5 17. exd5 Qb6+ 18. Kh1 a5 19. Rfe1 Rf7 20. Qc3 Kg8 21. Bd3 Nc5 22. Bc2 Na6 23. a3 Nc7 24. Qd2 Ne8 25. a4 Ng7 26. Re3 Qc7 27. Rce1 b6 28. Qe2 Re8 29. g4 Qd7 30. h4 Qc7 31. Qg2 f5 32. g5 Qd7 33. Bd1 Kf8 34. Bf3 Qc7 35. Qf2 Qc5 36. Qg3 Qd4 37. Kg2 Rc8 38. R1e2 Re8 39. Qh2 Kg8 40. Kg3 Kf8 41. h5 gxh5 42. Bxh5 Nxh5+ 43. Qxh5 Rg7 44. Qh6 Kg8 45. Qh5 Rg6 46. Qh3 Rf8 47. Rxe7 Rg7 48. R7e6 Qg1+ 49. Kf3 Qd4 50. R6e3 Qa1 51. Kg2 Qd4 52. Qh4 h6 53. Rg3 hxg5 54. Rxg5 Qf6 55. Rxg7+ Qxg7+ 56. Kf3 Kf7 57. Re7+ 1-0


[Site "https://www.chess.com"]

[Event "Titled Tuesday Blitz October 25 Late 2022"]
[White "Kopacz, Grzegorz"]
[Black "Ismayil, Malak"]
[WhiteFideId "1109880"]
[BlackFideId "13412604"]
[WhiteElo "2037"]
[BlackElo "1879"]
[Result "0-1"]
[Round "08"]
[TimeControl "180+1"]
[Date "2022.10.26"]
[WhiteClock "0:02:16"]
[BlackClock "0:02:38"]

1. c4 e5 2. Nc3 Nf6 3. g3 d5 4. cxd5 Nxd5 5. Bg2 Nxc3 6. bxc3 Nc6 7. d3 Bc5 8. Nf3 O-O 9. O-O Bg4 10. Qa4 Qd7 11. Re1 h6 12. Rb1 Bb6 13. Nd2 f5 0-1


[Site "https://www.chess.com"]

[Event "Titled Tuesday Blitz October 25 Late 2022"]
[White "Korchmar, Vasiliy"]
[Black "Zilleruelo Irizarry, Diego"]
[WhiteFideId "24131750"]
[BlackFideId "3101460"]
[WhiteElo "2370"]
[BlackElo "1998"]
[Result "1-0"]
[Round "08"]
[TimeControl "180+1"]
[Date "2022.10.26"]
[WhiteClock "0:02:03"]
[BlackClock "0:02:31"]

1. e4 c6 2. d4 d5 3. e5 c5 4. dxc5 e6 5. Nf3 Bxc5 6. Bd3 Nc6 7. O-O Nge7 8. a3 Ng6 9. b4 Bb6 10. Re1 O-O 11. Nbd2 Ncxe5 12. Nxe5 Nxe5 13. Rxe5 Bd4 14. Nf3 Bxa1 15. Bxh7+ Kxh7 16. Ng5+ Kg6 17. Nxe6 Bxe6 18. Qh5+ 1-0


[Site "https://www.chess.com"]